Cogmind - Beta 15 @@@ ROGUE MODE // 2025.06.15 @ 18:51:40 Player: EX-OCT Result: Core destroyed Performance ------------- Evolutions (6) 3000 Regions Visited (18) 3600 Robots Destroyed (161) 805 Value Destroyed (5706) 5706 Prototype IDs (53) 1060 Alien Tech Used (1) 200 Bonus (4291) 4291 TOTAL SCORE: 18662 Bonus ------- High Alert Combat Kills 844 Follower Combat Kills 1655 Entered DSFs 500 Acquired ECA 300 Met Warlord at Base 500 MAIN.C Attacked Warlord 500 Warlord Defense Kills 100 Friendly Fire -108 Cogmind --------- Core Integrity 0/1150 Matter 300/300 Energy 100/100 System Corruption 24% Temperature Cool (0) Movement Flying (120) Ox1 Location -4/Zhirov Parts ------- > --- POWER (2) -------- (None) > --- PROPULSION (4) --- Nuclear Pulse Array > --- UTILITY (9) ------ Large Storage Unit Advanced Signal Interpreter Reaction Control System Advanced Hacking Suite System Shield > --- WEAPON (4) ------- Power Sword > --- INVENTORY (15) --- Fusion Reactor Nuclear Pulse Array Advanced Power Amplifier Experimental Power Shielding Transdimensional Reconstructor Advanced Variable Charge Gun Vortex Shotgun (50) Power Maul Spear Peak State ------------ > --- POWER ------------ Fission-Neutrino Core > --- PROPULSION ------- Wheeled Centrium-Gyrokinetic Exoskeleton > --- UTILITY ---------- Armored Scrap Engine Advanced Cooling System Large Storage Unit Active Sensor Suite Advanced Hacking Suite System Shield > --- WEAPON ----------- Vortex Rail Hpw. Ballistic Gauss Construct/C Shotgun Kinetic Hardcell Construct/C > --- INVENTORY -------- Advanced Cryofiber Web Experimental Power Shielding Improved Propulsion Shielding Improved Propulsion Shielding Improved Medium Armor Plating Makeshift Ablative Armor System Shield Vortex Shotgun Vortex Shotgun Vortex Rail Heavy Missile Launcher Power Maul Power Sword Spear [Rating: 142] Favorites ----------- Power Constructs Engine Subdweller Power Source Power Core Constructs Reactor Fusion Reactor Propulsion Light Treads Treads Light Treads Wheel Constructs Flight Unit Nuclear Pulse Array Utility Large Storage Unit Device Armored Scrap Engine Storage Large Storage Unit Processor Improved Signal Interpreter Hackware System Shield Protection Hardened Medium Armor Plating Weapon Constructs Energy Gun Improved Medium Laser Ballistic Gun Subdweller Machine Gun Ballistic Cannon Constructs Launcher Subdweller Shrapnel Launcher Impact Weapon Power Maul Slashing Weapon Axe Build | -11 -10 -10 -8 -8 -8 -6 -6 -6 -6 -5 -5 -5 -5 -4 -4 -4 -4 -4 ------- Run | Yrd Mat Sub Mat Sto Rec Fac Was Fac DSF Fac Upp Upp War Pro Fac Upp Upp Zhi Slots Evolved 12 | . . . 4 . . 4 . . . 2 . . . . 2 . . . Power 1 | . . . . . . 1 . . . . . . . . . . . . Propulsion 2 | . . . 2 . . . . . . . . . . . . . . . Utility 7 | . . . 2 . . 2 . . . 2 . . . . 1 . . . Weapon 2 | . . . . . . 1 . . . . . . . . 1 . . . Parts Attached 108 | 6 5 19 27 18 1 5 . . 1 5 1 . 3 . 11 1 2 3 Power 12 | 1 1 3 3 3 . . . . . . . . . . . . . 1 Engine 7 | 1 1 3 . 2 . . . . . . . . . . . . . . Core 4 | . . . 3 1 . . . . . . . . . . . . . . Reactor 1 | . . . . . . . . . . . . . . . . . . 1 Propulsion 28 | 2 2 4 12 5 . . . . . . . . . . 2 1 . . Treads 21 | 2 2 . 12 5 . . . . . . . . . . . . . . Leg . | . . . . . . . . . . . . . . . . . . . Wheel 4 | . . 4 . . . . . . . . . . . . . . . . Hover . | . . . . . . . . . . . . . . . . . . . Flight 3 | . . . . . . . . . . . . . . . 2 1 . . Utility 42 | 1 1 5 7 5 1 5 . . 1 4 1 . 3 . 5 . 2 1 Device 17 | 1 . . 3 1 1 4 . . 1 1 1 . 1 . 2 . 1 . Storage 3 | . 1 . . 1 . . . . . . . . . . 1 . . . Processor 2 | . . . . . . 1 . . . . . . . . . . 1 . Hackware 3 | . . . . . . . . . . 1 . . . . 1 . . 1 Protection 17 | . . 5 4 3 . . . . . 2 . . 2 . 1 . . . Artifact . | . . . . . . . . . . . . . . . . . . . Weapon 26 | 2 1 7 5 5 . . . . . 1 . . . . 4 . . 1 Energy Gun 7 | . . 1 3 . . . . . . . . . . . 3 . . . Energy Cannon . | . . . . . . . . . . . . . . . . . . . Ballistic Gun 12 | 2 1 6 2 1 . . . . . . . . . . . . . . Ballistic Cannon 2 | . . . . 2 . . . . . . . . . . . . . . Launcher 2 | . . . . 1 . . . . . . . . . . 1 . . . Special Weapon . | . . . . . . . . . . . . . . . . . . . Impact Weapon 1 | . . . . . . . . . . 1 . . . . . . . . Slashing Weapon 2 | . . . . 1 . . . . . . . . . . . . . 1 Piercing Weapon . | . . . . . . . . . . . . . . . . . . . Special Melee Weapon . | . . . . . . . . . . . . . . . . . . . Unidentified Prototypes 13 | . . . 2 2 1 1 . . 1 . . . 1 . 3 . . 2 Corrupted Parts 1 | . . . . . . . . . . . . . . . 1 . . . System Corruption 14 | . . . . . . . . . . . . . . . 14 . . . Parts Lost 31 | . . 4 4 4 . . . . . 1 . . . . 17 . . 1 Power 5 | . . 1 . 2 . . . . . . . . . . 2 . . . Propulsion 8 | . . 1 2 . . . . . . . . . . . 4 . . 1 Utility 12 | . . 1 2 2 . . . . . 1 . . . . 6 . . . Weapon 6 | . . 1 . . . . . . . . . . . . 5 . . . Highest Loss Streak 12 | . . 2 2 1 . . . . . 1 . . . . 12 . . 1 To Critical Strikes 1 | . . . . . . . . . . . . . . . 1 . . . Average Backups 12 | 1 3 4 11 18 15 9 13 14 14 13 14 14 14 15 13 5 5 7 Power . | . 1 1 1 1 . . . . . . . . . . . . . . Propulsion . | . . . 1 4 1 . 1 2 . . . . . . . 1 1 1 Utility 2 | . . . . 1 . 1 3 3 4 5 6 6 6 7 4 . . 1 Weapon 7 | . 1 1 7 10 12 8 8 9 9 7 7 7 7 8 9 4 4 4 Tool/Special . | . . . . . . . . . . . . . . . . . . . Unused Backups 49 | . . . 10 2 10 5 . . 5 5 . . 3 . 3 . . 6 Power 1 | . . . . 1 . . . . . . . . . . . . . . Propulsion 5 | . . . . . 3 . . . 2 . . . . . . . . . Utility 5 | . . . . . . . . . 1 . . . . . 2 . . 2 Weapon 36 | . . . 9 1 7 5 . . 2 5 . . 3 . 1 . . 3 Tool/Special 2 | . . . 1 . . . . . . . . . . . . . . 1 Average Slot Usage (%) 67 | . 90 91 85 98 74 54 60 61 54 51 51 52 51 52 48 25 31 39 Engine 4 | . 14 13 . 3 8 2 . 1 4 . 1 5 5 5 3 . . . Core 2 | . . . 8 4 . 3 3 . . 3 3 . . . 1 . . . Treads 12 | . 28 15 30 36 19 2 4 . . . 4 5 5 1 . . . . Wheel 1 | . . 10 . . . 2 . . . . . . . . 2 . . . Device 10 | . 14 2 8 7 6 16 20 20 14 13 16 17 14 13 13 . 2 5 Storage 5 | . 5 2 7 9 9 6 6 6 6 5 5 5 5 5 4 5 5 5 Hackware 2 | . . . . . . . . . . 4 5 5 5 5 8 5 5 8 Protection 7 | . . 17 11 18 14 5 . . . 1 . . 1 3 . . . . Energy Gun 2 | . . . 10 . 1 3 6 6 4 3 . . 3 . . . . . Ballistic Gun 6 | . 28 27 7 10 4 1 . . . 2 . . . . . . . . Ballistic Cannon 4 | . . . . 5 3 4 3 . . . 10 11 7 9 6 . . . Peak Build Rating 142 | 6 7 14 30 38 48 59 71 71 96 116 116 106 112 126 142 35 43 54 Average Rating 64 | 4 6 10 23 33 40 51 59 68 90 104 107 106 106 121 124 34 39 50 On Entrance 57 | . 6 7 11 30 38 39 56 71 71 92 116 106 106 112 126 35 35 43 Naked Turns . | . . . . . . . . . . . . . . . . . . . Heaviest Build 94 | 9 29 31 75 94 94 44 41 41 43 58 58 45 51 55 56 23 24 24 Greatest Support 100 | 40 40 40 80 91 90 100 100 100 100 86 96 96 96 96 93 26 26 26 Greatest Overweight (x) 9 | . . 9 1 1 1 . . . . 1 1 . . . 1 . . . Average Overweight (x) . | . . . . . . . . . . . . . . . . . . . Largest Inventory Capacity 20 | 5 15 15 15 20 20 15 15 15 15 15 15 15 15 15 15 15 15 15 Average Capacity 14 | 5 8 6 13 18 17 15 15 15 15 15 15 15 15 15 14 15 15 15 Most Carried 20 | 2 6 6 15 20 20 12 14 14 15 15 14 14 15 15 15 8 6 10 Average Carried 12 | 1 3 5 12 18 15 9 13 14 14 13 13 14 14 15 13 6 6 8 Final Capacity 20 | 5 15 5 15 20 15 15 15 15 15 15 15 15 15 15 15 15 15 15 Final Carried 20 | 2 6 5 15 20 10 12 14 14 15 14 14 14 15 15 6 6 6 10 Scrap Engine Consumption 188 | . . . . . 47 27 9 1 9 34 7 . 18 2 34 . . . Constructs Created 5 | . . . . . 4 1 . . . . . . . . . . . . Constructs Modified 74 | . . . . . 13 13 3 . 5 14 6 . 2 8 10 . . . Class Distribution -------------------- 47% | Construct 22% | Mutant 13% | Scavenger-Mutant 7% | Hacker-Construct 3% | Commander-Construct Dominant Class ---------------- Mutant | -10/Materials Mutant | -10/Subcaves Scavenger-Mutant | -8/Materials Mutant | -8/Storage Construct | -8/Recycling Construct | -6/Factory Construct | -6/Waste Construct | -6/Factory Construct | -6/DSF Construct | -5/Factory Construct | -5/Upper Caves Construct | -5/Upper Caves Commander-Construct | -5/Warlord Construct | -4/Proximity Caves Hacker-Construct | -4/Factory Mutant | -4/Upper Caves Mutant | -4/Upper Caves Hacker-Mutant | -4/Zhirov Resources | -11 -10 -10 -8 -8 -8 -6 -6 -6 -6 -5 -5 -5 -5 -4 -4 -4 -4 -4 ----------- Run | Yrd Mat Sub Mat Sto Rec Fac Was Fac DSF Fac Upp Upp War Pro Fac Upp Upp Zhi Matter Collected 3808 | 284 114 409 537 845 212 112 64 . 12 78 83 . 39 191 725 . 56 47 Remotely . | . . . . . . . . . . . . . . . . . . . Salvage Created 6481 | 107 256 494 1592 1190 284 238 . . . 434 186 . 63 131 1272 . . 234 Parts 323 | 3 19 39 76 76 15 13 . . . 19 9 . 1 7 43 . . 3 Haulers Intercepted 13 | . . . 4 4 . 1 . . . 1 . . . . 3 . . . Recyclers Shooed 6 | . 2 . . . 1 . . . . . . . . . 3 . . . Parts Field Recycled . | . . . . . . . . . . . . . . . . . . . Retrieved Matter . | . . . . . . . . . . . . . . . . . . . Parts Self-Destructed 28 | . . 10 . . . . . . . . 5 1 . 9 . . . 3 Prevented 3 | . . . . . . . . . . . . . . 3 . . . . Kills | -11 -10 -10 -8 -8 -8 -6 -6 -6 -6 -5 -5 -5 -5 -4 -4 -4 -4 -4 ------- Run | Yrd Mat Sub Mat Sto Rec Fac Was Fac DSF Fac Upp Upp War Pro Fac Upp Upp Zhi Combat Hostiles Destroyed 119 | . 6 14 28 25 6 4 . . . 7 5 . 1 3 20 . . . Guns 71 | . 6 14 28 13 2 3 . . . 5 . . . . . . . . Cannons 25 | . . . . 4 4 1 . . . 1 5 . 1 3 6 . . . AOE 22 | . . . . 8 . . . . . . . . . . 14 . . . Classes Destroyed 16 | 2 3 2 5 3 . 1 . . . . . . . . . . . . Worker 7 | . 1 . . 5 . 1 . . . . . . . . . . . . Builder 6 | . . . . 3 . . . . . . . . . . 3 . . . Tunneler 2 | 1 . . 1 . . . . . . . . . . . . . . . Hauler 13 | . . . 4 4 . 1 . . . 1 . . . . 3 . . . Recycler 7 | 1 1 . 2 . 1 . . . . . . . . . 2 . . . Mechanic 2 | . . . 1 1 . . . . . . . . . . . . . . Operator 1 | . . . . 1 . . . . . . . . . . . . . . Watcher 3 | . . . 2 1 . . . . . . . . . . . . . . Swarmer 27 | . 3 3 8 2 . 1 . . . . 4 . . 2 4 . . . Grunt 40 | . 3 . 10 15 . . . . . 2 . . 1 . 9 . . . Brawler 3 | . . . 2 1 . . . . . . . . . . . . . . Duelist 1 | . . . 1 . . . . . . . . . . . . . . . Sentry 23 | . . 1 7 6 2 1 . . . 3 1 . . 1 1 . . . Demolisher 1 | . . . . 1 . . . . . . . . . . . . . . Programmer 10 | . . . . . . 2 . . . 2 . . . . 6 . . . Subdweller 14 | . . 10 . . 4 . . . . . . . . . . . . . Butcher 1 | . . . . . . . . . . 1 . . . . . . . . Best Kill Streak 19 | 2 5 3 5 19 2 2 . . . 3 4 . 1 2 13 . . . Combat Bots Only 11 | . 4 3 4 11 2 1 . . . 2 4 . 1 2 9 . . . Max Kills in Single Turn 6 | 1 2 2 2 4 1 1 . . . 2 1 . 1 1 6 . . . Gunslinging 1 | . 1 1 1 . . . . . . . . . . . . . . . Exploded 5 | . . . . 2 . . . . . . . . . . 5 . . . Melee . | . . . . . . . . . . . . . . . . . . . Uniques/NPCs Destroyed . | . . . . . . . . . . . . . . . . . . . Combat | -11 -10 -10 -8 -8 -8 -6 -6 -6 -6 -5 -5 -5 -5 -4 -4 -4 -4 -4 -------- Run | Yrd Mat Sub Mat Sto Rec Fac Was Fac DSF Fac Upp Upp War Pro Fac Upp Upp Zhi Hostile Shots Fired 979 | . 35 82 124 115 12 66 . . . 54 36 10 2 6 435 . 2 . Missed 316 | . 5 27 27 41 3 20 . . . 20 16 3 . 3 150 . 1 . Hits 663 | . 30 55 97 74 9 46 . . . 34 20 7 2 3 285 . 1 . Melee 1 | . . . 1 . . . . . . . . . . . . . . . Projectile 662 | . 30 55 96 74 9 46 . . . 34 20 7 2 3 285 . 1 . AOE 16 | . . 7 . 3 . . . . . 1 . . . . 5 . . . Critical Strikes 27 | . . 3 1 3 1 1 . . . 4 . . . . 14 . . . Actively Blocked 2 | . . 1 . . . . . . . . . . . . 1 . . . Damage Taken 12295 | . 275 1150 1329 1200 144 569 . . . 798 296 143 38 67 5875 . 21 390 Core 1764 | . 25 151 115 99 16 24 . . . 59 16 19 . . 1099 . 21 120 Absorbed by Shields . | . . . . . . . . . . . . . . . . . . . Redirected to Shielding 327 | . . 18 . . . . . . . 100 . . . . 209 . . . Ignored by Resistances 152 | . . . 21 98 33 . . . . . . . . . . . . . Regen/Repaired (Parts) 1743 | . . . . . 20 184 122 . 15 361 329 . 55 101 556 . . . Core Remaining (%) 74 | 100 . 29 . . 58 . . . 97 . . . . 90 . . . . Volleys Fired 478 | 6 21 47 97 60 15 27 13 . 2 49 17 36 3 18 67 . . . Largest 2 | 2 2 2 2 2 2 2 1 . 2 2 2 1 2 2 2 . . . Hottest 225 | 40 40 60 119 68 65 86 29 . 119 225 225 184 225 225 225 . . . Shots Fired 776 | 12 42 94 194 117 28 42 13 . 4 78 20 36 5 22 69 . . . Gun 508 | 12 42 94 194 70 15 27 13 . . 37 2 . 2 . . . . . Cannon 251 | . . . . 37 13 15 . . 4 41 18 36 3 22 62 . . . Launcher 17 | . . . . 10 . . . . . . . . . . 7 . . . Special . | . . . . . . . . . . . . . . . . . . . Kinetic 530 | 12 42 91 72 117 26 13 . . . 32 18 36 3 22 46 . . . Thermal 196 | . . . 122 . 2 12 13 . 2 27 2 . . . 16 . . . Explosive 7 | . . . . . . . . . . . . . . . 7 . . . Electromagnetic 43 | . . 3 . . . 17 . . 2 19 . . 2 . . . . . Robot Hit Streak 15 | 2 7 12 12 11 12 15 7 . 7 11 5 7 12 4 7 . . . Robot Miss Streak 11 | 2 5 3 3 6 3 3 1 . 1 4 4 . . 3 11 . . . Penetration Max 1 | . . . . 1 . 1 . . . . . . . . . . . . Secondary Targets 11 | . 3 3 5 . . . . . . . . . . . . . . . Max Gunslinging Chain 1 | . 1 1 1 . . . . . . . . . . . . . . . Shots Hit Robots 464 | 6 25 55 134 70 22 32 10 . 4 48 14 2 4 5 23 . . 10 Core Hits 314 | 3 18 23 61 71 17 17 3 . 2 32 12 . 2 3 49 . . 1 Critical Kills 8 | . 1 1 1 1 . . . . . 3 . . . . 1 . . . Critical Parts Destroyed 2 | . . . . . . . . . . . . . 1 . 1 . . . Critical Strikes 22 | . 1 4 8 2 . . . . 1 3 . . 1 . 2 . . . Burn 8 | . . . 7 . . . . . 1 . . . . . . . . . Destroy 12 | . 1 4 1 1 . . . . . 3 . . 1 . 1 . . . Blast 1 | . . . . 1 . . . . . . . . . . . . . . Smash 1 | . . . . . . . . . . . . . . . 1 . . . Melee Attacks 27 | . . . . 2 1 1 . . . 4 . . . . 4 . 3 12 Impact 11 | . . . . . . . . . . 4 . . . . 4 . 3 . Slashing 16 | . . . . 2 1 1 . . . . . . . . . . . 12 Piercing . | . . . . . . . . . . . . . . . . . . . Sneak Attacks 1 | . . . . . . . . . . . . . . . 1 . . . Combat Hostiles . | . . . . . . . . . . . . . . . . . . . Follow-up Attacks . | . . . . . . . . . . . . . . . . . . . Damage Inflicted 14832 | 76 272 927 2384 3120 452 579 225 . 99 1090 367 . 258 118 3926 . . 939 Guns 6100 | 76 263 927 2331 981 230 353 225 . . 630 16 . 68 . . . . . Cannons 3207 | . . . . 500 222 226 . . 99 460 351 . 190 118 1041 . . . Explosions 4336 | . . . . 1639 . . . . . . . . . . 2697 . . . Melee 1127 | . . . . . . . . . . . . . . . 188 . . 939 Ramming 62 | . 9 . 53 . . . . . . . . . . . . . . . Kinetic 7529 | 76 263 893 877 3120 425 271 . . . 272 351 . 190 118 673 . . . Thermal 3569 | . . . 1454 . 27 177 225 . 46 410 16 . . . 1214 . . . Explosive 1851 | . . . . . . . . . . . . . . . 1851 . . . Electromagnetic 694 | . . 34 . . . 131 . . 53 408 . . 68 . . . . . Impact 188 | . . . . . . . . . . . . . . . 188 . . . Slashing 939 | . . . . . . . . . . . . . . . . . . 939 Piercing . | . . . . . . . . . . . . . . . . . . . Highest Corruption 24 | . . . . . . 1 1 1 1 1 1 1 1 . 24 24 24 24 Average Corruption 3 | . . . . . . 1 1 1 1 1 1 1 1 . 5 24 24 24 Corruption Purged . | . . . . . . . . . . . . . . . . . . . Corruption Blocked . | . . . . . . . . . . . . . . . . . . . Effects 63 | . . . . . . 8 . 1 1 3 5 5 . . 27 3 6 4 Message Errors 13 | . . . . . . 1 . . 1 . 1 . . . 8 2 . . Matter Fused 11 | . . . . . . 3 . . . 1 . 1 . . 4 . 1 1 Heat Flow Errors 15 | . . . . . . 2 . 1 . 1 1 2 . . 6 1 . 1 Energy Discharges 8 | . . . . . . 1 . . . . 1 1 . . 1 . 3 1 Parts Rejected 1 | . . . . . . . . . . . . . . . 1 . . . Data Loss (minor) 7 | . . . . . . 1 . . . 1 2 . . . 3 . . . Data Loss (major) 3 | . . . . . . . . . . . . 1 . . . . 1 1 Alerts 4 | . . . . . . . . . . . . . . . 3 . 1 . Misdirections 1 | . . . . . . . . . . . . . . . 1 . . . Overload Shots . | . . . . . . . . . . . . . . . . . . . Overflow Damage 464 | . . . . 86 2 3 . . . . . . 29 . 198 . . 146 Projectiles 75 | . . . . . 2 3 . . . . . . 29 . 41 . . . Explosions 184 | . . . . 86 . . . . . . . . . . 98 . . . Melee 205 | . . . . . . . . . . . . . . . 59 . . 146 Knockbacks 19 | . 1 . . 5 6 . . . . 2 4 . 1 . . . . . Impact 1 | . 1 . . . . . . . . . . . . . . . . . Kinetic 17 | . . . . 4 6 . . . . 2 4 . 1 . . . . . Secondary 1 | . . . . 1 . . . . . . . . . . . . . . Self-Inflicted Damage 8 | . . . . 8 . . . . . . . . . . . . . . Shots 2 | . . . . 2 . . . . . . . . . . . . . . Rammed 11 | . 6 . 5 . . . . . . . . . . . . . . . Targets Rammed 13 | . 6 . 7 . . . . . . . . . . . . . . . Kicked . | . . . . . . . . . . . . . . . . . . . Crushed 2 | . . . 2 . . . . . . . . . . . . . . . Highest Temperature 489 | . 9 7 427 58 132 160 . 234 18 399 191 316 177 236 489 69 . 249 Average Temperature 100 | . 7 7 74 10 41 32 . 122 7 122 80 96 91 123 160 36 . 130 Received Heat Transfer 2511 | . 45 171 540 522 39 42 . . . 156 . 45 18 . 933 . . . Effects 15 | . . . 4 . . . . . . 2 . . . 1 8 . . . Shutdowns 3 | . . . 1 . . . . . . . . . . . 2 . . . Energy Bleed 4 | . . . . . . . . . . 1 . . . . 3 . . . Interference 8 | . . . 3 . . . . . . 1 . . . 1 3 . . . Siege Activations . | . . . . . . . . . . . . . . . . . . . Martial Activations . | . . . . . . . . . . . . . . . . . . . Shielding Activations . | . . . . . . . . . . . . . . . . . . . Robots Disrupted . | . . . . . . . . . . . . . . . . . . . Combat Hostiles . | . . . . . . . . . . . . . . . . . . . Robots Corrupted 2 | . . . . . . . . . . 1 . . . . 1 . . . Combat Hostiles 1 | . . . . . . . . . . 1 . . . . . . . . Parts Fried . | . . . . . . . . . . . . . . . . . . . Impact Corruptions 2 | . . . . . . . . . . . . . . . 2 . . . Robots Melted 1 | . . . 1 . . . . . . . . . . . . . . . Combat Hostiles . | . . . . . . . . . . . . . . . . . . . Parts Melted 14 | . . . 10 . . 3 . . . 1 . . . . . . . . Heat Transferred 7897 | . . . 3700 . 37 592 550 . 148 1887 74 . . . 909 . . . Parts Sabotaged . | . . . . . . . . . . . . . . . . . . . Parts Stolen . | . . . . . . . . . . . . . . . . . . . Parts Stripped . | . . . . . . . . . . . . . . . . . . . Power Chain Reactions . | . . . . . . . . . . . . . . . . . . . Alert | -11 -10 -10 -8 -8 -8 -6 -6 -6 -6 -5 -5 -5 -5 -4 -4 -4 -4 -4 ------- Run | Yrd Mat Sub Mat Sto Rec Fac Was Fac DSF Fac Upp Upp War Pro Fac Upp Upp Zhi Maximum Alert Level 4 | . . . 1 3 1 1 . . 1 4 . . . . 3 . . . Low Security (%) 59 | 100 100 . 79 11 81 49 100 100 66 2 . . . . 67 . . . Level 1 15 | . . . 20 17 18 50 . . 33 . . . . . 2 . . . Level 2 9 | . . . . 13 . . . . . 33 . . . . 22 . . . Level 3 12 | . . . . 58 . . . . . 41 . . . . 6 . . . Level 4 3 | . . . . . . . . . . 23 . . . . . . . . Level 5 . | . . . . . . . . . . . . . . . . . . . High Security . | . . . . . . . . . . . . . . . . . . . Max Security . | . . . . . . . . . . . . . . . . . . . Sterilizations 1 | . . . . . . . . . 1 . . . . . . . . . Peak Influence 1344 | 5 105 . 324 1026 314 313 37 . 338 1344 . . . . 857 . . . Initial 313 | . . . . 130 264 313 37 . . 177 . . . . . . . . Average 287 | 1 27 . 113 693 78 198 14 . 162 887 . . . . 219 . . . Influence Increases 7634 | 10 165 155 806 1502 225 509 22 . 358 1732 115 90 264 178 1488 . . 15 Destroy 0b10 Robot/C 2880 | . 120 80 560 700 40 80 . . 160 360 100 . 180 100 400 . . . Destroy 0b10 Robot/NC 255 | 10 10 . 50 90 5 10 . . 5 15 5 . . . 40 . . 15 Destroy Leader 556 | . 30 . 142 174 . 32 . . 20 92 10 . . . 56 . . . Allied During Kill 745 | . . . . 289 . . . . 156 198 . . 84 18 . . . . Successful Hack 139 | . 5 . 36 43 27 12 . . . 13 . . . . 3 . . . Select Force Hacks 150 | . . . . . 150 . . . . . . . . . . . . . Disable Machine 405 | . . . 15 135 . 30 . . . 120 . . . . 105 . . . Anti-Garrison Action 200 | . . . . . . . . . . 200 . . . . . . . . Destroy Structure 424 | . . . 3 71 3 . 22 . 17 114 . . . . 194 . . . Advance Influence 300 | . . . . . . 300 . . . . . . . . . . . . Partial Spotted 75 | . . . . . . 45 . . . 15 . . . . 15 . . . Lose Combat Pursuer 705 | . . 75 . . . . . . . 105 . 90 . 60 375 . . . Active Sensor Use 800 | . . . . . . . . . . 500 . . . . 300 . . . Influence Decreases 7634 | 10 165 155 498 1132 870 434 130 . 20 749 942 325 307 394 631 338 159 375 Entered New Map 2681 | . . . . 178 414 20 71 . . 161 490 95 259 216 . 318 99 360 Time Decay 3801 | 10 165 125 458 374 456 404 42 . . 478 452 230 48 153 311 20 60 15 Search Patrol Dispatched 150 | . . . . . . . . . . . . . . . 150 . . . Lost Part 290 | . . 30 40 40 . . . . . 10 . . . . 170 . . . Lost Ally 412 | . . . . 240 . 10 17 . 20 100 . . . 25 . . . . Purge Threat 300 | . . . . 300 . . . . . . . . . . . . . . Squads Dispatched 41 | . 1 . 2 6 . 2 . 1 1 17 . . . . 11 . . . Investigation 11 | . . . . 1 . . . 1 . 6 . . . . 3 . . . Extermination 10 | . . . . . . 2 . . . 4 . . . . 4 . . . Reinforcement 11 | . 1 . 2 2 . . . . 1 1 . . . . 4 . . . Assault 5 | . . . . 3 . . . . . 2 . . . . . . . . Garrison 4 | . . . . . . . . . . 4 . . . . . . . . Intercept . | . . . . . . . . . . . . . . . . . . . Searches Triggered 1 | . . . . . . . . . . . . . . . 1 . . . Construction Impeded 4 | . . . . 1 . . . . . 1 . . . . 2 . . . Haulers Reinforced . | . . . . . . . . . . . . . . . . . . . Active Scanning Responses 8 | . . . . . . . . . . 5 . . . . 3 . . . Cargo Convoy Interrupts . | . . . . . . . . . . . . . . . . . . . Stealth | -11 -10 -10 -8 -8 -8 -6 -6 -6 -6 -5 -5 -5 -5 -4 -4 -4 -4 -4 --------- Run | Yrd Mat Sub Mat Sto Rec Fac Was Fac DSF Fac Upp Upp War Pro Fac Upp Upp Zhi Distress Signals 17 | . . . 3 6 2 . . . . . . . . . 6 . . . Communications Jammed 1 | . . . . . . 1 . . . . . . . . . . . . Distress Signals 1 | . . . . . . 1 . . . . . . . . . . . . Times Spotted 282 | . 13 16 41 45 6 5 6 . 3 26 5 7 25 6 74 . 4 . Peak Tracking Total 23 | . 6 6 4 7 2 3 6 . 1 5 4 5 11 5 23 . 4 . Tactical Retreats 26 | . . 2 . . 1 . . . . 4 . 4 . 2 13 . . . Traps | -11 -10 -10 -8 -8 -8 -6 -6 -6 -6 -5 -5 -5 -5 -4 -4 -4 -4 -4 ------- Run | Yrd Mat Sub Mat Sto Rec Fac Was Fac DSF Fac Upp Upp War Pro Fac Upp Upp Zhi Traps Triggered 8 | . . . . 2 . 2 . . . 1 . . . . 3 . . . Indirectly . | . . . . . . . . . . . . . . . . . . . Trap Hack Attempts . | . . . . . . . . . . . . . . . . . . . Triggered . | . . . . . . . . . . . . . . . . . . . Disarmed . | . . . . . . . . . . . . . . . . . . . Reprogrammed . | . . . . . . . . . . . . . . . . . . . Reused . | . . . . . . . . . . . . . . . . . . . Traps Extracted . | . . . . . . . . . . . . . . . . . . . Installed . | . . . . . . . . . . . . . . . . . . . Triggered . | . . . . . . . . . . . . . . . . . . . Machines | -11 -10 -10 -8 -8 -8 -6 -6 -6 -6 -5 -5 -5 -5 -4 -4 -4 -4 -4 ---------- Run | Yrd Mat Sub Mat Sto Rec Fac Was Fac DSF Fac Upp Upp War Pro Fac Upp Upp Zhi Machines Disabled 29 | . . 1 1 9 . 2 . . . 8 . . . . 7 . . 1 Max in Single Turn 3 | . . 1 1 1 . 1 . . . 1 . . . . 3 . . 1 Garrison Access 2 | . . . 1 . . . . . . 1 . . . . . . . . Machines Repaired . | . . . . . . . . . . . . . . . . . . . Machines Dismantled . | . . . . . . . . . . . . . . . . . . . Machines Sabotaged . | . . . . . . . . . . . . . . . . . . . Overloaded Fab Kills . | . . . . . . . . . . . . . . . . . . . Hacking | -11 -10 -10 -8 -8 -8 -6 -6 -6 -6 -5 -5 -5 -5 -4 -4 -4 -4 -4 --------- Run | Yrd Mat Sub Mat Sto Rec Fac Was Fac DSF Fac Upp Upp War Pro Fac Upp Upp Zhi Machines Accessed 71 | . 1 1 11 11 12 3 . 1 . 13 2 . 5 . 4 1 . 6 Terminals 40 | . 1 . 9 11 5 2 . 1 . 7 . . . . 3 1 . . Fabricators 3 | . . . . . . . . . . 3 . . . . . . . . Repair Stations . | . . . . . . . . . . . . . . . . . . . Recycling Units 8 | . . . . . 6 1 . . . . . . . . 1 . . . Scanalyzers 2 | . . . 1 . . . . . . 1 . . . . . . . . Garrison Access 3 | . . . 1 . . . . . . 2 . . . . . . . . Total Hacks 209 | . 2 9 42 32 34 6 . 3 . 30 5 . 10 . 15 1 . 20 Successful 123 | . 1 9 18 16 24 3 . 1 . 6 5 . 10 . 9 1 . 20 Failed 85 | . 1 . 24 15 10 3 . 2 . 24 . . . . 6 . . . Catastrophic 10 | . . . . 3 2 . . . . 4 . . . . 1 . . . Database Lockouts 1 | . . . . 1 . . . . . . . . . . . . . . Manual 103 | . 2 . 28 27 14 3 . . . 19 . . . . 10 . . . Terminals 124 | . 2 . 39 32 14 4 . 3 . 16 . . . . 13 1 . . Fabricators 7 | . . . . . . . . . . 7 . . . . . . . . Repair Stations . | . . . . . . . . . . . . . . . . . . . Recycling Units 22 | . . . . . 18 2 . . . . . . . . 2 . . . Scanalyzers 5 | . . . 2 . . . . . . 3 . . . . . . . . Garrison Access 5 | . . . 1 . . . . . . 4 . . . . . . . . Terminal Hacks 79 | . . 9 7 10 9 1 . 1 . 1 5 . 10 . 5 1 . 20 Record 25 | . . 8 . . . . . . . . 4 . 4 . . 1 . 8 Part Schematic 4 | . . . . . . . . . . . . . . . . . . 4 Robot Schematic 1 | . . . . . 1 . . . . . . . . . . . . . Robot Analysis 9 | . . . 2 3 . . . . . . . . . . . . . 4 Prototype ID Bank 13 | . . . 1 . 3 . . . . . . . 5 . . . . 4 Open Door 5 | . . . . 3 . . . . . . 1 . 1 . . . . . Open DSF 1 | . . . . . . . . 1 . . . . . . . . . . Branch Access Points 4 | . . . 1 1 . . . . . 1 . . . . 1 . . . Emergency Access Points 1 | . . . . . . . . . . . . . . . 1 . . . Terminal Index 2 | . . . 1 . . . . . . . . . . . 1 . . . Alert Level 1 | . . . . . . 1 . . . . . . . . . . . . Unreport Threat 2 | . . . . 2 . . . . . . . . . . . . . . Locate Traps 1 | . . . . . . . . . . . . . . . 1 . . . Zone Layout 7 | . . . 2 1 3 . . . . . . . . . 1 . . . Proto ID Catalog 1 | . . 1 . . . . . . . . . . . . . . . . Release Object 2 | . . . . . 2 . . . . . . . . . . . . . Fabricator Hacks 1 | . . . . . . . . . . 1 . . . . . . . . Network Status 1 | . . . . . . . . . . 1 . . . . . . . . Repair Station Hacks . | . . . . . . . . . . . . . . . . . . . Recycling Unit Hacks 6 | . . . . . 5 . . . . . . . . . 1 . . . Retrieve Matter 1 | . . . . . . . . . . . . . . . 1 . . . Retrieve Components 5 | . . . . . 5 . . . . . . . . . . . . . Scanalyzer 3 | . . . 2 . . . . . . 1 . . . . . . . . Insert Component 2 | . . . 1 . . . . . . 1 . . . . . . . . Analyze 1 | . . . 1 . . . . . . . . . . . . . . . Garrison Access Hacks 1 | . . . 1 . . . . . . . . . . . . . . . Seal Access 1 | . . . 1 . . . . . . . . . . . . . . . Unauthorized Hacks 33 | . 1 . 8 6 10 2 . . . 3 . . . . 3 . . . Terminals 26 | . 1 . 8 6 5 2 . . . 1 . . . . 3 . . . Assimilate 1 | . . . . . . . . . . 1 . . . . . . . . Botnet 25 | . 1 . 8 6 5 2 . . . . . . . . 3 . . . Fabricators 1 | . . . . . . . . . . 1 . . . . . . . . Liberate 1 | . . . . . . . . . . 1 . . . . . . . . Repair Stations . | . . . . . . . . . . . . . . . . . . . Recycling Units 5 | . . . . . 5 . . . . . . . . . . . . . Tunnel 5 | . . . . . 5 . . . . . . . . . . . . . Scanalyzers . | . . . . . . . . . . . . . . . . . . . Garrison Access 1 | . . . . . . . . . . 1 . . . . . . . . Jam 1 | . . . . . . . . . . 1 . . . . . . . . Data Cores Recovered 2 | . . . . 1 . . . . . 1 . . . . . . . . Used 2 | . . . . 1 . . . . . 1 . . . . . . . . Hacking Detections 47 | . 1 . 10 9 8 3 . 1 . 11 . . . . 4 . . . Full Trace Events 2 | . . . . . 1 . . 1 . . . . . . . . . . Feedback Events . | . . . . . . . . . . . . . . . . . . . Feedback Blocked . | . . . . . . . . . . . . . . . . . . . Robot Schematics Acquired 1 | . . . . . 1 . . . . . . . . . . . . . Robots Built . | . . . . . . . . . . . . . . . . . . . Authchips . | . . . . . . . . . . . . . . . . . . . Time . | . . . . . . . . . . . . . . . . . . . Total Robot Build Rating . | . . . . . . . . . . . . . . . . . . . Part Schematics Acquired 5 | . . . 1 . . . . . . . . . . . . . . 4 Parts Built . | . . . . . . . . . . . . . . . . . . . Authchips . | . . . . . . . . . . . . . . . . . . . Time . | . . . . . . . . . . . . . . . . . . . Total Part Build Rating . | . . . . . . . . . . . . . . . . . . . Parts Repaired . | . . . . . . . . . . . . . . . . . . . Time . | . . . . . . . . . . . . . . . . . . . Parts Recycled . | . . . . . . . . . . . . . . . . . . . Recycled Matter . | . . . . . . . . . . . . . . . . . . . Retrieved Matter . | . . . . . . . . . . . . . . . . . . . Retrieved Components 9 | . . . . . 9 . . . . . . . . . . . . . Parts Scanalyzed 2 | . . . 1 . . . . . . 1 . . . . . . . . Part Schematics Acquired 1 | . . . 1 . . . . . . . . . . . . . . . Parts Damaged . | . . . . . . . . . . . . . . . . . . . Bothacking | -11 -10 -10 -8 -8 -8 -6 -6 -6 -6 -5 -5 -5 -5 -4 -4 -4 -4 -4 ------------ Run | Yrd Mat Sub Mat Sto Rec Fac Was Fac DSF Fac Upp Upp War Pro Fac Upp Upp Zhi Used RIF Installer . | . . . . . . . . . . . . . . . . . . . Robots Hacked . | . . . . . . . . . . . . . . . . . . . Non-combat . | . . . . . . . . . . . . . . . . . . . Combat . | . . . . . . . . . . . . . . . . . . . Robot Hacks Applied . | . . . . . . . . . . . . . . . . . . . Relay Couplers Released 1 | . . . . . . . . . . 1 . . . . . . . . Machine Destruction 1 | . . . . . . . . . . 1 . . . . . . . . Fabnet Peak Effective % . | . . . . . . . . . . . . . . . . . . . Robots Rewired 5 | . . . . . . . . . . . . . 5 . . . . . Allies Hacked 2 | . . . . . . . . . . 2 . . . . . . . . Hacks Repelled . | . . . . . . . . . . . . . . . . . . . Allies | -11 -10 -10 -8 -8 -8 -6 -6 -6 -6 -5 -5 -5 -5 -4 -4 -4 -4 -4 -------- Run | Yrd Mat Sub Mat Sto Rec Fac Was Fac DSF Fac Upp Upp War Pro Fac Upp Upp Zhi Total Allies 36 | . . . . 12 . . 18 . . 1 . . 5 . . . . . Largest Group 18 | . . . . 11 . . 18 10 10 7 . . 5 3 . . . . Highest-Rated Group 656 | . . . . 219 . . 656 414 419 289 . . 272 136 . . . . Highest-Rated Ally 68 | . . . . 31 . . 50 46 46 46 . . 68 49 . . . . Initial Warlord ECA Mod 76 | . . . . . . . . . . 9 9 9 9 8 8 8 8 8 Total Orders 1 | . . . . . . 1 . . . . . . . . . . . . ROAM 1 | . . . . . . 1 . . . . . . . . . . . . Ally Attacks 295 | . . . . 89 . . 89 . 38 50 . . 18 11 . . . . Total Damage 9973 | . . . . 1189 . . 4663 . 1009 1730 . . 1140 242 . . . . Kills 59 | . . . . 13 . . 12 . 9 14 . . 9 2 . . . . Allies Corrupted 1 | . . . . . . . . . 1 . . . . . . . . . Allies Melted 1 | . . . . . . . . . . 1 . . . . . . . . Intel | -11 -10 -10 -8 -8 -8 -6 -6 -6 -6 -5 -5 -5 -5 -4 -4 -4 -4 -4 ------- Run | Yrd Mat Sub Mat Sto Rec Fac Was Fac DSF Fac Upp Upp War Pro Fac Upp Upp Zhi Active Infowar (turns) 7428 | 15 509 248 . . . 865 143 33 184 1228 1128 481 795 696 1103 . . . Sensors 750 | . . . . . . 532 143 33 42 . . . . . . . . . A.S.S. 5573 | . . . . . . . . . 142 1228 1128 481 795 696 1103 . . . Seismic 772 | 15 509 248 . . . . . . . . . . . . . . . . Jamming 1049 | . . . . . . 831 143 33 42 . . . . . . . . . Robot Analysis Total 9 | . . . 2 3 . . . . . . . . . . . . . 4 Derelict Logs Recovered 9 | . . 2 . . . . . . . . 3 1 . 3 . . . . Drone Launches 2 | . . . . . . 2 . . . . . . . . . . . . Drone Recoveries . | . . . . . . . . . . . . . . . . . . . Exploration | -11 -10 -10 -8 -8 -8 -6 -6 -6 -6 -5 -5 -5 -5 -4 -4 -4 -4 -4 ------------- Run | Yrd Mat Sub Mat Sto Rec Fac Was Fac DSF Fac Upp Upp War Pro Fac Upp Upp Zhi Turns Passed 13877 | 85 509 1547 1699 860 1862 965 143 33 186 1238 1128 481 795 696 1348 46 129 127 Spaces Moved 10458 | 37 270 1048 779 384 834 1063 177 31 159 1422 785 325 641 570 1391 120 233 189 Core 41 | 1 . 1 . . . . . . . . . . . . 39 . . . Treads 4982 | 36 270 307 779 384 656 492 148 . . . 778 325 641 166 . . . . Legs 1207 | . . . . . . . . . 157 472 . . . 361 217 . . . Wheels 1941 | . . 740 . . 90 354 . . . . . . . . 757 . . . Hover 1086 | . . . . . . 217 29 31 2 494 . . . 43 270 . . . Flight 1201 | . . . . . 88 . . . . 456 7 . . . 108 120 233 189 Fastest Speed 37 | 50 160 110 160 152 56 56 56 56 56 54 107 112 112 83 37 37 37 37 Average Speed 100 | 157 160 127 166 162 144 56 56 56 63 64 130 112 112 94 70 37 37 37 Slowest Speed 500 | 160 160 500 240 232 232 56 56 56 64 114 186 112 112 112 163 37 37 37 Overloaded Moves 349 | . . . . . . . . . . 349 . . . . . . . . Propulsion Burnouts . | . . . . . . . . . . . . . . . . . . . Robots Hopped 5 | . . . . . . . . . . 3 . . . . 2 . . . Potential Cave-ins 9 | . . . . . . . . . . 2 . 3 . 2 2 . . . Cave-ins Triggered . | . . . . . . . . . . . . . . . . . . . Exploration Rate (%) 59 | 3 37 78 69 76 98 30 87 2 92 39 94 57 87 82 45 35 47 68 Regions Visited 18 Branch Regions 10 Pre-discovered Areas 12 | . . 2 . . 5 . . . . . 1 . . 1 . . . 3 Known Exits Taken 10 | . . . 1 1 . . . 1 . 1 1 1 1 1 1 . 1 . Unknown Exits Taken 5 | 1 1 1 . . 1 . . . . . . . . . . 1 . . Scrap Searched 7 | . . 3 . . . . . . . . 1 . . 2 . . 1 . Spaces Dug 128 | . . . . . 1 . . . . 25 . 41 . 13 45 . 3 . Terrain Destroyed 299 | . . . . 73 3 . . . . 41 5 46 1 16 111 . 3 . Melee 10 | . . . . . 1 . . . . 4 . . . . 2 . 3 . Projectile 201 | . . . . 10 2 . . . . 37 5 46 1 16 84 . . . AOE 88 | . . . . 63 . . . . . . . . . . 25 . . . Terrain Rammed . | . . . . . . . . . . . . . . . . . . . Walls Destroyed . | . . . . . . . . . . . . . . . . . . . Machines Disabled . | . . . . . . . . . . . . . . . . . . . Actions | -11 -10 -10 -8 -8 -8 -6 -6 -6 -6 -5 -5 -5 -5 -4 -4 -4 -4 -4 --------- Run | Yrd Mat Sub Mat Sto Rec Fac Was Fac DSF Fac Upp Upp War Pro Fac Upp Upp Zhi Total 13044 | 50 303 1175 1003 502 1465 1395 208 46 245 1662 867 408 717 704 1679 121 268 226 Wait 1682 | . 2 22 34 6 591 277 17 15 66 167 61 48 29 116 184 . 31 16 Move 10431 | 36 269 1047 778 383 833 1063 176 30 158 1415 784 324 640 569 1386 119 232 189 Hop 5 | . . . . . . . . . . 3 . . . . 2 . . . Pick Up 79 | 2 . 4 25 11 1 8 2 . 7 6 . . 5 . 4 . . 4 Fast Attach 69 | 6 1 14 14 6 1 6 . . 1 3 2 . 3 . 7 . 2 3 Attach 20 | . . 3 1 2 . 2 . . . 4 . . . . 7 1 . . Detach 14 | . . 3 . . 1 1 . . 1 3 1 . 1 . 2 1 . . Swap 47 | . 4 8 13 16 2 . . . . 2 . . . 1 . . . 1 Drop 137 | . . 22 32 16 20 10 . 1 10 6 2 . 7 . 10 . . 1 Fire 478 | 6 21 47 97 60 15 27 13 . 2 49 17 36 3 18 67 . . . Melee 27 | . . . . 2 1 1 . . . 4 . . . . 4 . 3 12 Ram . | . . . . . . . . . . . . . . . . . . . Kick . | . . . . . . . . . . . . . . . . . . . Crush 13 | . 6 . 7 . . . . . . . . . . . . . . . Escape Stasis 6 | . . . . . . . . . . . . . . . 6 . . . Rewire 29 | . . . . . . . . . . . . . 29 . . . . . Trap . | . . . . . . . . . . . . . . . . . . . Miscellaneous 7 | . . 5 2 . . . . . . . . . . . . . . . Route ------- -11/Scrapyard -10/Materials (discovered 2 exits: [*Mat] / *Sub) -10/Subcaves -8/Materials (discovered 4 exits: [*Fac x2] / *Sto x2) -8/Storage (discovered 2 exits: [*Fac] / *Rec) -8/Recycling -6/Factory (discovered 4 exits: *Fac x2 / [*Low] / [*Ext]) -6/Waste -6/Factory -6/DSF -5/Factory (discovered 2 exits: *Upp x2) -5/Upper Caves -5/Upper Caves (discovered 2 exits: *Fac / *War) -5/Warlord -4/Proximity Caves -4/Factory (discovered 4 exits: *Res x2 / *Upp x2) -4/Upper Caves -4/Upper Caves -4/Zhirov (discovered 1 exit: [*Pro]) History --------- Turn | Location | Event 42 | -11/Scrapyard | Discovered new exit (range 12) 86 | -11/Scrapyard | Entered Materials 173 | -10/Materials | Discovered new exit (range 6) 305 | -10/Materials | Build established: Mutant 308 | -10/Materials | Discovered new exit (range 15) 595 | -10/Materials | Entered Subcaves 597 | -10/Subcaves | Shifting Twisted Machinery released Sub. Power Source 609 | -10/Subcaves | Shifting Twisted Machinery released Mak. Thermal Plating 718 | -10/Subcaves | Shifting Twisted Machinery released Battle Rifle 889 | -10/Subcaves | Shifting Twisted Machinery released Sub. Machine Gun 980 | -10/Subcaves | Core integrity fell below 50% 1025 | -10/Subcaves | Learned location of Mines (-9) 1036 | -10/Subcaves | Shifting Twisted Machinery released Battle Rifle 1146 | -10/Subcaves | Discovered new exit (range 5) 1605 | -10/Subcaves | Learned location of Zion (-7) 1764 | -10/Subcaves | Visited 4L-MR0's lab 2142 | -10/Subcaves | Entered Materials 2142 | -8/Materials | Evolved 4 slots: Propulsion x2, Utility x2 2563 | -8/Materials | Build established: Scavenger-Mutant 2764 | -8/Materials | Discovered new exit (range 16) 3267 | -8/Materials | Identified exit to Storage 3384 | -8/Materials | Discovered new exit (range 14) 3841 | -8/Materials | Entered Storage 3881 | -8/Storage | Assisted by bots powering up and referring to "LRC-V3" 4098 | -8/Storage | Met a pair of Derelict thieves 4206 | -8/Storage | Lost 10 allies 4219 | -8/Storage | Destroyed 11 combat bots 4448 | -8/Storage | Discovered new exit (range 6) 4484 | -8/Storage | Build established: Mutant 4607 | -8/Storage | Identified exit to Recycling 4607 | -8/Storage | Central database locked down 4641 | -8/Storage | First assault squad dispatched 4692 | -8/Storage | Used back door to open Recycling access 4701 | -8/Storage | Entered Recycling 5024 | -8/Recycling | Discovered new exit (range 10) 5241 | -8/Recycling | Entered Scraplab 5255 | -8/Recycling | Found Prototype Device 5255 | -8/Recycling | Identified Scrap Engine 5764 | -8/Recycling | Build established: Construct 6563 | -8/Recycling | Entered Factory 6563 | -6/Factory | Evolved 4 slots: Power x1, Utility x2, Weapon x1 6843 | -6/Factory | Discovered new exit (range 16) 6896 | -6/Factory | Discovered new exit (range 16) 7331 | -6/Factory | Discovered new exit (range 13) 7462 | -6/Factory | Discovered new exit (range 8) 7468 | -6/Factory | Identified exit to Factory 7528 | -6/Factory | Sucked down chute 7528 | -6/Factory | Entered Waste 7532 | -6/Waste | Spotted C-40 Crusher 7550 | -6/Waste | Spotted C-40 Crusher 7554 | -6/Waste | Spotted C-40 Crusher 7578 | -6/Waste | Spotted C-40 Crusher 7591 | -6/Waste | Discovered new exit (range 12) 7591 | -6/Waste | Spotted C-40 Crusher 7598 | -6/Waste | Warlord forces began an assault 7600 | -6/Waste | Spotted C-40 Crusher 7612 | -6/Waste | Allies destroyed C-40 Crusher 7614 | -6/Waste | Allies destroyed C-40 Crusher 7620 | -6/Waste | Allies destroyed C-40 Crusher 7621 | -6/Waste | Allies destroyed C-40 Crusher 7625 | -6/Waste | Allies destroyed C-40 Crusher 7641 | -6/Waste | Allies destroyed C-40 Crusher 7659 | -6/Waste | Identified exit to Factory 7669 | -6/Waste | Lost 8 allies 7671 | -6/Waste | Entered Factory 7671 | -6/Factory | Accompanied by 10 allies 7689 | -6/Factory | Identified exit to DSF 7704 | -6/Factory | Entered DSF 7704 | -6/DSF | Accompanied by 10 allies 7734 | -6/DSF | Additional patrols routed to DSF 7748 | -6/DSF | Found Prototype Device 7748 | -6/DSF | Identified Active Sensor Suite 7868 | -6/DSF | Discovered exit to Factory (range 11) 7884 | -6/DSF | Sterilization system engaged 7890 | -6/DSF | Entered Factory 7890 | -5/Factory | Accompanied by 7 allies 7890 | -5/Factory | Evolved 2 slots: Utility x2 7911 | -5/Factory | Garrison activated, responded to threat 8475 | -5/Factory | Lost 5 allies 8834 | -5/Factory | Garrison activated, responded to threat 8856 | -5/Factory | Identified exit to Upper Caves 9090 | -5/Factory | First assault squad dispatched 9128 | -5/Factory | Entered Upper Caves 9130 | -5/Upper Caves | Attracted the attention of an 0b10 checkpoint 9233 | -5/Upper Caves | Met a Warlord Commander 9234 | -5/Upper Caves | Learned location of Warlord (-5) 9235 | -5/Upper Caves | Warlord Commander delivered Encrypted Comm Array 9236 | -5/Upper Caves | Found Encrypted Comm Array 9385 | -5/Upper Caves | Learned Factory emergency access door positions 9591 | -5/Upper Caves | Identified exit to Upper Caves 9703 | -5/Upper Caves | Learned location of 1 exit from Factory 9720 | -5/Upper Caves | Entered an active Warlord outpost 9727 | -5/Upper Caves | Learned Armory security intel 10256 | -5/Upper Caves | Entered another Upper Caves area 10258 | -5/Upper Caves | Attracted the attention of an 0b10 checkpoint 10271 | -5/Upper Caves | Encountered a Warlord checkpoint 10276 | -5/Upper Caves | Discovered new exit (range 10) 10284 | -5/Upper Caves | Identified exit to Factory 10295 | -5/Upper Caves | Learned 8 Factory zone layouts 10725 | -5/Upper Caves | Discovered new exit (range 13) 10736 | -5/Upper Caves | Identified exit to Warlord 10737 | -5/Upper Caves | Entered Warlord 10776 | -5/Warlord | System corruption cleaned by Quarantine Array 11011 | -5/Warlord | Visited the Vortex Lab 11019 | -5/Warlord | Found Prototype Energy Gun 11021 | -5/Warlord | Found Prototype Energy Gun 11026 | -5/Warlord | Found Prototype Energy Gun 11027 | -5/Warlord | Warlord's base attacked by MAIN.C 11028 | -5/Warlord | Found Prototype Energy Gun 11331 | -5/Warlord | Met Warlord 11377 | -5/Warlord | Warlord forces counterattacked 11386 | -5/Warlord | Build established: Commander-Construct 11399 | -5/Warlord | P-80 Master assimilated allied 06-P92(g) 11411 | -5/Warlord | Spotted Striker 11417 | -5/Warlord | Allies destroyed Striker 11426 | -5/Warlord | Spotted Executioner 11450 | -5/Warlord | Lost 3 allies 11456 | -5/Warlord | Spotted Executioner 11461 | -5/Warlord | Spotted Executioner 11462 | -5/Warlord | Allies destroyed Executioner 11504 | -5/Warlord | Discovered new exit (range 15) 11505 | -5/Warlord | Lost 5 allies 11517 | -5/Warlord | Identified exit to Proximity Caves 11532 | -5/Warlord | Entered Proximity Caves 11532 | -4/Proximity Caves | Accompanied by 3 allies 11656 | -4/Proximity Caves | Learned Research non-interactive machine intel 11791 | -4/Proximity Caves | Attracted the attention of an 0b10 checkpoint 11823 | -4/Proximity Caves | Build established: Construct 11856 | -4/Proximity Caves | Learned Research stockpile data 12061 | -4/Proximity Caves | Lost 3 allies 12069 | -4/Proximity Caves | Discovered exit to Factory (range 3) 12228 | -4/Proximity Caves | Entered Factory 12228 | -4/Factory | Evolved 2 slots: Utility x1, Weapon x1 12229 | -4/Factory | Identified exit to Research 12491 | -4/Factory | Identified exit to Upper Caves 12540 | -4/Factory | Identified Vortex Rail (x2) 12542 | -4/Factory | Identified Vortex Shotgun (x2) 12785 | -4/Factory | Build established: Hacker-Construct 13044 | -4/Factory | Spotted B-86 Titan 13182 | -4/Factory | Spotted B-86 Titan 13228 | -4/Factory | Search patrols dispatched 13489 | -4/Factory | Core integrity fell below 50% 13501 | -4/Factory | Core integrity fell below 20% 13511 | -4/Factory | Destroyed 9 combat bots 13530 | -4/Factory | Lost 12 parts (2p3n3u4w) 13535 | -4/Factory | System corruption reached 10% 13576 | -4/Factory | Entered Upper Caves 13580 | -4/Upper Caves | Encountered a Warlord checkpoint 13619 | -4/Upper Caves | Discovered new exit (range 9) 13622 | -4/Upper Caves | Entered another Upper Caves area 13746 | -4/Upper Caves | Discovered new exit (range 15) 13751 | -4/Upper Caves | Identified exit to Zhirov 13751 | -4/Upper Caves | Entered Zhirov 13751 | -4/Zhirov | Discovered new exit (range 3) 13766 | -4/Zhirov | Learned location of Quarantine (-3) 13766 | -4/Zhirov | Learned location of Command (-1) 13770 | -4/Zhirov | Build established: Mutant 13780 | -4/Zhirov | Found Alien Artifact 13780 | -4/Zhirov | Identified Integrated Reactor 13780 | -4/Zhirov | Installed Integrated Reactor, increased core energy generation (+10) 13786 | -4/Zhirov | Found Alien Artifact 13848 | -4/Zhirov | Cloak Generator disabled 13858 | -4/Zhirov | Enhanced Grunts warped into view 13878 | -4/Zhirov | Core destroyed Last Messages --------------- 13826_ Destroyed Hrd. Heavy Armor Plating. 13828_ Sneak attack on B-86 Titan. 13831_ Destroyed Hardcell Cannon. 13833_ Sneak attack on B-86 Titan. 13833_ Destroyed Railgun. 13833_ B-86 Titan destroyed. 13846_ System corrupted: Energy discharge (-39). 13848_ Cloak Generator disabled. 13858_ Enhanced Grunt warps into view. 13867_ System corrupted: Substantial component data lost. 13869_ Enhanced Grunt warps into view. 13878_ Zhirov's Workstation disabled. 13878_ Enhanced Grunt destroyed. 13878_ Nuclear Pulse Array destroyed. 13878_ Machine disabled. 13878_ Enhanced Grunt destroyed. 13878_ Zhirov's Terminal disabled. 13878_ Enhanced Grunt destroyed. 13878_ Zhirov's Terminal disabled. Map ----- +----------------------------------------------------+ | | | | | | | | | | | | | | | | | ????????????????????????????????????????? | | ????????????????????????????????????????? | | ????????????????????????????????????????? | | ????????????#########???????????????????? | | ????????? ####????????????????? | | ??????? ????????????????? | | ????? ?????????????????? | | ?????" ?????????????????? | | ?????" ?????"""#?????????? | | ?????# ?????#""#?????????? | | ?????# ???####""##????????? | | ?????# ### ##""""##???????? | | ??????? #?#""""""#??????## | | ????????? #?# "" " #?????## | | ????####### ## ##?#### | | ????#"X"X"# ! g ### | | ????#X X# g % | | ????#" "## @ % | | ????# % ###### | | ????##### ## ##????### | | ????????# " " #???????? | | ????#### """""#???????? | | ????# #""""##???????? | | ????# #""##????????? | | ????#X #= # # #""#?????????? | | ????##### # ## ###?# #""#?????????? | | ???????#### ### #### ###??#????????????? | | ???????#"X # # """"#???????????????? | | ???????#" # # """"#???????????????? | | ???????#"" # # """#???????????????? | | ???????#"" +g + ""#???????????????? | | ???????#"" ""# # """#???????????????? | | ???????#"""""# # """"#???????????????? | | ???????#"""""# #X""""#???????????????? | | ???????########++########???????????????? | | ???????#" """"#???????????????? | | ???????#"" "#???????????????? | | ???????#" " " " " "#???????????????? | | ???????# "% "% " " "#???????????????? | | ???????# "% "! " " "#???????????????? | | ???????##################???????????????? | | ????????????????????????????????????????? | +----------------------------------------------------+ Best States ------------- Heat Dissipation 74 Energy Generation 38 Energy Capacity 782 Matter Stores 300 Matter Capacity 300 Sight Range 16 Robot Scan Range 20 Terrain Scan Density 10 Jamming Range 12 Base Temperature (-) 200 Armor Coverage 950 Resistance: KI 30 Power Shielding 90 Propulsion Shielding 66 Utility Shielding 33 Evasion (%) 70 Recoil Reduction 4 Offensive Hacking 14 Defensive Hacking 10 Item Schematics ----------------- Imp. Medium Laser | -8/Materials | Scanalyzed Assault Drone Bay | -4/Zhirov | Free Exp. Heat Sink | -4/Zhirov | Free Exp. Optical Array | -4/Zhirov | Free Imp. Arc Thrower | -4/Zhirov | Free Robot Schematics ------------------ M-28 Smith | -8/Recycling | Hacked Fabricated ------------ Nothing Repaired ---------- Nothing Alien Tech Used ----------------- Integrated Reactor Achievements -------------- None Challenges ------------ None Game ------ Seed IntegratedCloakPurifier Manual? 0 Play Time 02:57:54 Cumulative 243.5 hours Start 2025.06.13 @ 10:41:04 End 2025.06.15 @ 18:51:40 Sessions 5 Manual Loads 0 Difficulty Rogue Special Mode None Game No. 125 Rogue 125 Adventurer 0 Explorer 0 Win Type - Total 16 Types 6/0/5/1/3/1/0/0/0/0 Lore% 82 Gallery% 70 Achievement% 66 Wizard Run 0 Options --------- Layout 1 ASCII 0 Keyboard 0 Movement Numpad Keybinds 0 Fullscreen 1 Font 24/Smallcaps Map View 50x35 Zoom Use 0% Tactical HUD 1 Map Filters NONE Filters NONE Steam 1 RUN: 8d3c0d54-97fc-4c4c-a7b8-12fba85a32f4